 Dungeon Crawl Stone Soup version 0.30-a0-358-g0d69a1922f (webtiles) character file.

Game seed: 7308787454553369443

638 bande the Chopper (level 7, -9/44 HPs)
             Began as a Gargoyle Fighter on Nov 9, 2022.
             Killed by divine providence
             ... invoked by an orc priest
              (14 damage)
             ... on level 8 of the Dungeon.
             The game lasted 00:08:56 (4769 turns).

bande the Chopper (Gargoyle Fighter)                Turns: 4769, Time: 00:08:57

Health: -9/44      AC: 16    Str: 25    XL:     7   Next: 50%
Magic:  7/7        EV: 13    Int:  9    God:
Gold:   216        SH:  5    Dex: 11    Spells: 6/6 levels left

rFire   . . .      SeeInvis .    a - +0 war axe
rCold   . . .      Faith    .    c - +0 buckler
rNeg    + . .      Spirit   .    b - +0 scale mail
rPois   ∞          Reflect  .    e - +1 helmet
rElec   +          Harm     .    p - +0 cloak
rCorr   .          Rampage  .    s - +0 pair of gloves
Will    .....                    (no boots)
Stlth   ..........               (no amulet)
HPRegen 0.27/turn                n - +4 ring of evasion
MPRegen 0.10/turn                r - +6 ring of strength

@: no status effects
A: sickness immunity, AC +4, negative energy resistance 1, electricity
resistance, torment resistance 1, petrification resistance
a: no special abilities


You were on level 8 of the Dungeon.
You visited 1 branch of the dungeon, and saw 6 of its levels.

You collected 216 gold pieces.

Inventory:

Hand Weapons
 a - a +0 war axe (weapon)
 h - a +0 flail
 q - a +0 war axe
Armour
 b - a +0 scale mail (worn)
 c - a +0 buckler (worn)
 e - a +1 helmet (worn)
 p - a +0 cloak (worn)
 s - a +0 pair of gloves (worn)
Jewellery
 i - an amulet of the acrobat
 l - a ring of flight
 n - a +4 ring of evasion (left hand)
 r - a +6 ring of strength (right hand)
Wands
 t - a wand of polymorph (10)
Scrolls
 k - a scroll of identify
 m - a scroll of blinking
 v - a scroll of silence
Potions
 d - 2 potions of might
 f - a potion of resistance
 g - a potion of attraction
 j - a potion of haste
 o - a potion of ambrosia
 u - 3 potions of curing
 w - a potion of flight {unknown}
 x - a potion of heal wounds {unknown}


   Skills:
 + Level 4.5 Fighting
 + Level 5.0 Axes
 + Level 4.8 Armour
 - Level 0.2 Dodging
 + Level 4.7 Shields
 + Level 0.3 Unarmed Combat
 * Level 1.9 Evocations


You had 6 spell levels left.
You didn't know any spells.
Your spell library contained the following spells:

 Spells                   Type           Power      Damage    Failure   Level
 Kiss of Death            Conj/Necr      0%         2d5       75%         1
 Sandblast                Erth           0%         2d4       75%         1
 Passwall                 Tmut/Erth      0%         N/A       87%         2
 Confusing Touch          Hex            0%         N/A       98%         3
 Stone Arrow              Conj/Erth      0%         3d7       98%         3
 Vhi's Electric Charge    Tloc/Air       0%         N/A       98%         3
 Animate Armour           Summ/Erth      0%         N/A       100%        4
 Dispel Undead            Necr           0%         3d6       100%        4
 Arcjolt                  Conj/Air       0%         1d10      100%        5
 Lehudib's Crystal Spear  Conj/Erth      0%         10d2      100%        8
 Maxwell's Capacitive Co  Air            0%         ∞         100%        8


Dungeon Overview and Level Annotations

Branches:
Dungeon (5/15)
 Temple: D:4-7

Altars:
Xom
The Shining One

Shops:
D:2 ?   D:4 *


Innate Abilities, Weirdness & Mutations

You are immune to sickness and miasma.
Your stone body is resilient. (AC +4)
You are immune to poison.
You resist negative energy. (rN+)
You are resistant to electric shocks. (rElec)
You are resistant to unholy torment.
You are immune to petrification.


Message History

The orc priest's wounds heal themselves!
The orc priest hits you but does no damage.
You hear a shout!
You slash the orc priest!
The orc priest is heavily wounded.
The orc priest barely misses you.
You slash the orc priest!
The orc priest is almost dead.
You block the orc priest's attack.
The orc priest invokes the aid of Beogh against you.
Pain shoots through your body!
You are too injured to fight recklessly!
You are too injured to fight recklessly!
You are too injured to fight recklessly!
You are too injured to fight recklessly!
You are too injured to fight recklessly!
You are too injured to fight recklessly!
You are too injured to fight recklessly!
You are too injured to fight recklessly!
Unknown command.
You closely miss the orc priest.
The orc priest is almost dead.
The orc priest mumbles some strange prayers to Beogh against you.
You are unaffected.
Unknown command.
You closely miss the orc priest.
The orc priest is almost dead.
The orc priest hits you but does no damage.
You barely miss the orc priest.
The orc priest is almost dead.
The orc priest mumbles some strange prayers to Beogh against you.
Beogh smites you!
* * * LOW HITPOINT WARNING * * *
The orc priest begins to cast a cantrip, but forgets the words!
Unknown command.
You slash the orc priest!
You kill the orc priest!
The orc priest invokes the aid of Beogh against you.
Beogh smites you!
You die...

#
#.#...#.#
.
#.#.#.#.#
.
#.#...#.#
#.##.##.#
#....>..#
####.####
#.# #.#
#@# #)#
#o# .o#
#.. #.#
#.. #..


You could see an orc priest and an orc.

Vanquished Creatures
  Eustachio (D:4)
  A sky beast (D:4)
  A bullfrog (D:8)
  An orc priest (D:8)
  Crazy Yiuf (D:2)
  A hound (D:4)
  An iguana (D:4)
  Natasha (thrice) (D:4)
  Ijyb (D:3)
  3 gnolls (D:2)
  4 adders
  2 white imps (D:5)
  4 dart slugs
  3 orcs
  11 endoplasms
  2 giant cockroaches (D:4)
  6 goblins
  8 hobgoblins
  4 jackals (D:3)
  2 kobolds (D:3)
  2 quokkas (D:1)
  11 ball pythons
  4 bats
  9 frilled lizards
  4 rats
90 creatures vanquished.

Notes
Turn   | Place    | Note
-------+----------+-------------------------------------------
     0 | D:1      | bande the Gargoyle Fighter began the quest for the Orb.
     0 | D:1      | Reached XP level 1. HP: 14/14 MP: 1/1
   228 | D:1      | Reached XP level 2. HP: 19/19 MP: 2/2
   311 | D:1      | Reached skill level 2 in Axes
   479 | D:1      | Reached XP level 3. HP: 18/23 MP: 3/3
  1047 | D:2      | Found a runed translucent door.
  1048 | D:2      | Noticed Crazy Yiuf
  1158 | D:2      | Reached XP level 4. HP: 22/29 MP: 4/4
  1441 | D:2      | Found Rypav's Magic Scroll Shop.
  1590 | D:2      | Found a shimmering altar of Xom.
  1645 | D:2      | Reached skill level 3 in Axes
  1655 | D:2      | Identified the +5 dagger of Chagrin {chaos, Int+3}
  2057 | D:2      | Killed Crazy Yiuf
  2058 | D:2      | Reached XP level 5. HP: 22/33 MP: 5/5
  2420 | D:3      | Noticed Ijyb
  2437 | D:3      | Killed Ijyb
  2716 | D:4      | Noticed Natasha
  2720 | D:4      | Killed Natasha
  2756 | D:4      | Noticed Eustachio
  2806 | D:4      | Noticed Natasha
  3120 | D:4      | Killed Natasha
  3121 | D:4      | Reached XP level 6. HP: 19/38 MP: 6/6
  3467 | D:4      | Killed Eustachio
  3468 | D:4      | Reached skill level 4 in Axes
  3468 | D:4      | Reached skill level 1 in Evocations
  3772 | D:4      | Found a glowing golden altar of the Shining One.
  3863 | D:4      | Reached XP level 7. HP: 42/44 MP: 7/7
  3877 | D:4      | Found Dipt's Assorted Antiques.
  4136 | D:4      | Noticed Natasha
  4140 | D:4      | Killed Natasha
  4562 | D:5      | Entered Level 5 of the Dungeon
  4697 | D:5      | You fall into a shaft and drop 3 floors!
  4762 | D:8      | Reached skill level 5 in Axes
  4769 | D:8      | Killed from afar by an orc priest

Illustrated notes

Levels and vault maps discovered:
D:1:      lightli_iron_boxes, layout_loops_ring
D:2:      layout_loops_corners, serial_shops, shop, basic_altar,
          grunt_decor_one_mirror, kennysheep_another_room, minivault_23,
          grunt_ministairs_7, minmay_statues_item, uniq_crazy_yiuf_cottage
D:3:      layout_basic, uniq_ijyb
D:4:      layout_loops_cross, nicolae_tso_carved_into_rock, serial_shops,
          nicolae_shop_window_shopping, uniq_natasha, uniq_eustachio
D:5:      minmay_general_purpose_star, layout_loops_ring, bh_walls_and_bars
D:8:      layout_loops_cross, mainiacjoe_overflow_catwalk_spiral,
          roderic_lattice_a, nicolae_underground_beach

Skill      XL: |  1  2  3  4  5  6  7 |
---------------+----------------------+-----
Axes           | 2 3 4 5 |  5.0
Fighting       | 4 |  4.5
Armour         | 4 |  4.8
Shields        | 4 |  4.7
Evocations     | 1 |  1.9
Dodging        | |  0.2
Unarmed Combat | |  0.3

Action                   |  1- 3 |  4- 6 |  7- 9 || total
-------------------------+-------+-------+-------++-------
Melee: War axe           |    85 |   219 |    64 ||   368
       Unarmed           |       |    22 |       ||    22
  Use: Scroll            |     1 |     4 |     7 ||    12
Armor: Scale mail        |    67 |   169 |    34 ||   270
       Skin              |       |    21 |       ||    21
Dodge: Dodged            |    35 |   283 |    22 ||   340
Block: Buckler           |    19 |    82 |     8 ||   109

Table legend: (Time is in decaauts)
 A = Elapsed time spent in this place.
 B = Non-inter-level travel time spent in this place.
 C = Inter-level travel time spent in this place.
 D = Time resting spent in this place.
 E = Time spent auto-exploring this place.
 F = Levels seen in this place.
 G = Mean time per level.
                   A        B        C        D        E       F      G
               +--------+--------+--------+--------+--------+-----+--------+
         Total |   4887 |   4845 |     42 |   1055 |   2764 |   6 |  814.5 |
       Dungeon |   4887 |   4845 |     42 |   1055 |   2764 |   6 |  814.5 |
               +--------+--------+--------+--------+--------+-----+--------+

Top non-repeatable levels by time:
     D:4: 1397 daAuts
     D:2: 1388 daAuts
     D:3: 1095 daAuts
     D:1: 793 daAuts
     D:5: 136 daAuts
     D:8: 75 daAuts
